 Dungeon Crawl Stone Soup version 0.30-a0-779-g7971cf19c3 (console) character file.

Game seed: 8640209177632348965

13594 petzl the Thaumaturge (level 12, -2/89 HPs)
             Began as a Formicid Delver on Feb 17, 2023.
             Was a Believer of Vehumet.
             Slain by a white ugly thing (16 damage)
             ... on level 12 of the Dungeon.
             The game lasted 01:40:27 (18176 turns).

petzl the Thaumaturge (Formicid Delver)            Turns: 18176, Time: 01:40:27

Health: -2/89      AC: 12    Str: 18 (19) XL:     12   Next: 34%
Magic:  24/26      EV: 16    Int: 12 (13) God:    Vehumet [**....]
Gold:   604        SH: 10    Dex: 15      Spells: 26/31 levels left

rFire   + . .      SeeInvis +    e - +4 scimitar (flame)
rCold   + . .      Faith    .    m - +0 buckler
rNeg    . . .      Spirit   .    q - +4 ring mail
rPois   +          Reflect  +    (helmet unavailable)
rElec   .          Harm     .    G - scarf {rC+ rF+}
rCorr   .          Rampage  .    A - +0 pair of gloves
Will    +....                    Y - +0 pair of boots
Stlth   +++                      N - amulet of reflection
HPRegen 0.34/turn                P - +5 ring of evasion
MPRegen 0.20/turn                V - ring of poison resistance

@: no status effects
A: permanent stasis, dig shafts and tunnels, antennae 3, four strong arms
a: Dig, Shaft Self, Renounce Religion


You were on level 12 of the Dungeon.
You worshipped Vehumet.
Vehumet was pleased with you.
You visited 3 branches of the dungeon, and saw 16 of its levels.
You also visited: Ice Cave.

You collected 669 gold pieces.
You spent 65 gold pieces at shops.

Inventory:

Hand Weapons
 a - a +4 sling of freezing
 b - a +2 dagger of venom {!f =f}
 d - a +1 hammer of protection
 e - a +4 scimitar of flaming (weapon)
 s - a +2 dagger of draining {!f =f}
 v - the +9 war axe "Tuam Lus" {heavy, rF+ Str+3 Dex+3 Stlth+, !f =f}
   (You found it on level 3 of the Dungeon)

   Str:       It affects your strength (+3).
   Dex:       It affects your dexterity (+3).
   rF:        It protects you from fire.
   Stlth:     It makes you more stealthy.
 w - a +0 shortbow
 x - a +4 spear of freezing {!f =f}
 C - a +1 war axe of flaming {!f =f}
 M - a +2 quarterstaff of chaos
 Q - a +2 spear of venom {!f =f}
 X - a +8 morningstar
Missiles
 D - 28 poisoned darts (quivered)
 H - a curare-tipped dart
Armour
 m - a +0 buckler (worn)
 p - a +1 leather armour of fire resistance
 q - a +4 ring mail (worn)
 u - a scarf of invisibility
 A - a +0 pair of gloves (worn)
 G - a scarf of resistance (worn)
 Y - a +0 pair of boots (worn)
Jewellery
 j - an amulet of the acrobat
 k - an amulet of guardian spirit
 o - a +6 ring of strength
 t - a ring of protection from fire
 N - an amulet of reflection (around neck)
 O - a +6 ring of dexterity
 P - a +5 ring of evasion (left hand)
 R - a ring of fire
 V - a ring of poison resistance (right hand)
 Z - an amulet of magic regeneration
Wands
 f - a wand of digging (9)
 r - a wand of iceblast (5)
 I - a wand of flame (28)
Scrolls
 c - 2 scrolls of fog
 n - 2 scrolls of amnesia
 y - a scroll of immolation
 B - 2 scrolls of fear
 E - 2 scrolls of poison
 F - a scroll of summoning
 J - 2 scrolls of enchant weapon
 L - a scroll of magic mapping
 U - 2 scrolls of identify
 W - a scroll of enchant armour
Potions
 g - 2 potions of heal wounds
 h - 2 potions of lignification {unknown}
 i - 3 potions of flight
 l - 7 potions of curing
 K - 2 potions of brilliance
 S - 2 potions of mutation {unknown}


   Skills:
 + Level 6.4 Fighting
 + Level 2.1 Long Blades
 - Level 2.0 Maces & Flails
 - Level 4.0 Ranged Weapons
 - Level 5.0 Armour
 - Level 1.7 Dodging
 + Level 7.6 Stealth
 - Level 4.0 Shields
 + Level 10.0 Spellcasting
 - Level 4.6 Conjurations
 * Level 8.3 Translocations
 - Level 5.0 Fire Magic
 + Level 6.3 Evocations


You had 26 spell levels left.
You knew the following spells:

 Your Spells              Type           Power      Damage    Failure   Level
a - Foxfire               Conj/Fire      68%        2x1d7     3%          1
p - Passage of Golubria   Tloc           26%        N/A       8%          4

Your spell library contained the following spells:

 Spells                   Type           Power      Damage    Failure   Level
 Kindle Blastsparks       Fire/Tloc/Air  32%        2d12      12%         3
 Necrotise                Necr           24%        1d5       24%         1
 Tukima's Dance           Hex            6%         N/A       58%         3
 Vampiric Draining        Necr           6%         2d6       58%         3
 Agony                    Necr           6%         N/A       100%        5
 Yara's Violent Unravell  Hex/Tmut       3%         3d4       100%        5


Dungeon Overview and Level Annotations

Branches:
Dungeon (14/15)            Temple (1/1) D:6            Lair (1/5) D:8
  IceCv (visited)
    Orc: D:9-12      Vaults: D:13-14

Altars:
Ashenzari
Cheibriados
Dithmenos
Elyvilon
Fedhas
Gozag
Hepliaklqana
Kikubaaqudgha
Makhleb
Nemelex Xobeh
Okawaru
Qazlal
Ru
Sif Muna
Trog
Uskayaw
Vehumet
Wu Jian
Xom
Yredelemnul
Zin
The Shining One

Shops:
D:5 *

Annotations:
D:5 themarg's ghost, novice OpIE
D:8 3 runed translucent doors, lotum's ghost, novice DEFE
D:9 exclusion: downstairs
D:10 exclusions: 4 killer bees and meliai, Maggie
D:11 4 runed translucent doors, exclusions: downstairs, manticore and sensed monster (detected)
D:12 exclusions: downstairs, frost giant and upstairs
D:13 exclusions: centaur warrior and sensed monster (detected), Nessos; Rupert


Innate Abilities, Weirdness & Mutations

You cannot be hasted, slowed, berserked, paralysed or teleported.
You can dig through walls and to a lower floor.
You have a pair of large antennae on your head. (SInv)
Your four strong arms can wield two-handed weapons with a shield.


Message History

The white ugly thing gores you but does no damage.
You barely miss the white ugly thing.
The white ugly thing is moderately wounded.
You block the white ugly thing's attack.
Casting: Foxfire (safe; 3% risk of failure)
Confirm with . or Enter, or press ? or * to list all spells.
You conjure some foxfire!
The white ugly thing gores you! The white ugly thing freezes you! You resist.
* * * LOW HITPOINT WARNING * * *
You slash the white ugly thing! You burn the white ugly thing.
The white ugly thing is moderately wounded.
The foxfire hits the white ugly thing but does no damage.
The white ugly thing is moderately wounded.
The foxfire hits the white ugly thing but does no damage.
The white ugly thing is moderately wounded.
You block the white ugly thing's attack.
The white ugly thing closely misses you.
Casting: Foxfire (safe; 3% risk of failure)
Confirm with . or Enter, or press ? or * to list all spells.
You conjure some foxfire!
The white ugly thing barely misses you.
You slash the white ugly thing! You burn the white ugly thing.
The white ugly thing is heavily wounded.
The foxfire hits the white ugly thing.
The white ugly thing is heavily wounded.
The foxfire hits the white ugly thing.
The white ugly thing is severely wounded.
You block the white ugly thing's attack.
Casting: Foxfire (safe; 3% risk of failure)
Confirm with . or Enter, or press ? or * to list all spells.
You conjure some foxfire!
The white ugly thing misses you.
You hit the white ugly thing. You burn the white ugly thing.
The white ugly thing is severely wounded.
The foxfire hits the white ugly thing.
The white ugly thing is severely wounded.
The foxfire hits the white ugly thing.
The white ugly thing is severely wounded.
The white ugly thing gores you!
* * * LOW HITPOINT WARNING * * *
The white ugly thing freezes you! You resist.
You die...

##### ### #.#.######.######.#
#@u........#......#
#.#........#....#.#
#.#.######......#.#
#...............#.#
###.<......####.#.#
############.###########.#'####
####..............................
#....##################...#......#
###.#### #....#........# #...#
#...####.#......# ###.#####
#.###8##<#.#..... #...#.... .
##...###.#..... #>....# #
#######8...8##.####.. #.#####
#8#8#8#8#8#8......##.# #.. #.#
C..............<..##.# #.# #.#
#8#8#8#8#8#8......##.# #.. #.# #
#######8...8##.####.. #.#
##...##........ #.# {
##8#########.#


You could see a white ugly thing.

Vanquished Creatures
  2 two-headed ogres (D:10)
  Pikel (D:8)
  An ugly thing (D:10)
  An orc sorcerer (D:7)
  Maurice (D:8)
  Joseph (D:8)
  A gargoyle (D:11)
  2 cane toads
  An unseen horror (D:10)
  An efreet (D:13)
  2 ice devils (IceCv)
  2 komodo dragons
  An anaconda simulacrum (IceCv)
  A troll (D:10)
  2 hornets
  Prince Ribbit (D:8)
  16 yaks
  2 wyverns
  3 wraiths (D:11)
  2 minotaur simulacra (IceCv)
  An acid dragon (D:8)
  2 water moccasins
  2 ice beasts (D:6)
  3 ogres
  An orc warrior (D:11)
  A sky beast (D:6)
  3 black bears
  3 centaurs
  6 wolves
  3 lemures
  4 kobold brigands
  4 bullfrogs
  A necrophage (D:4)
  A gnoll sergeant (D:10)
  3 scorpions
  3 orc priests
  Crazy Yiuf (D:6)
  2 gnoll boudas
  3 hounds
  A jelly (D:8)
  An iguana (D:6)
  13 orc wizards
  4 adders
  18 gnolls
  2 shadow imps
  A white imp (D:6)
  2 ufetubi (D:6)
  2 worms
  3 dart slugs
  49 orcs
  9 endoplasms
  A giant cockroach (D:1)
  6 goblins
  6 hobgoblins
  14 jackals
  15 kobolds
  2 quokkas (D:3)
  6 ball pythons
  4 bats
  7 frilled lizards
  6 rats
  A spectral orc (D:3)
264 creatures vanquished.

Vanquished Creatures (others)
  52 foxfires
  4 fungi
  39 plants
95 creatures vanquished.

Grand Total: 359 creatures vanquished

Notes
Turn   | Place    | Note
-------+----------+-------------------------------------------
     0 | D:5      | petzl the Formicid Delver began the quest for the Orb.
     0 | D:5      | Reached XP level 1. HP: 18/18 MP: 1/1
    65 | D:7      | Noticed an orc wizard
    65 | D:7      | Noticed a scorpion
   168 | D:4      | Reached skill level 1 in Spellcasting
   266 | D:4      | Reached XP level 2. HP: 24/24 MP: 2/4
   326 | D:2      | Reached skill level 2 in Spellcasting
   459 | D:2      | Reached XP level 3. HP: 29/29 MP: 6/6
   717 | D:1      | Reached skill level 3 in Spellcasting
  1165 | D:2      | Reached XP level 4. HP: 35/35 MP: 8/8
  1167 | D:2      | Found a faded altar of an unknown god.
  1562 | D:3      | Reached skill level 1 in Shields
  1731 | D:3      | Reached skill level 1 in Ranged Weapons
  1731 | D:3      | Reached XP level 5. HP: 39/41 MP: 10/10
  2406 | D:3      | Found a basalt altar of Yredelemnul.
  2458 | D:3      | Identified the +9 war axe "Tuam Lus" {heavy, rF+ Str+3
                  | Dex+3 Stlth+}
  2544 | D:3      | Reached skill level 4 in Spellcasting
  2831 | D:3      | Reached XP level 6. HP: 41/47 MP: 12/12
  2837 | D:3      | Reached skill level 1 in Evocations
  2916 | D:5      | Noticed a black bear
  3642 | D:5      | Noticed an ogre
  3698 | D:5      | Noticed an ogre
  3786 | D:5      | Noticed an ogre
  3791 | D:5      | You fall into a shaft and drop 1 floor!
  3852 | D:6      | Noticed a sky beast
  3875 | D:6      | Reached skill level 5 in Spellcasting
  3875 | D:6      | Reached XP level 7. HP: 34/52 MP: 14/14
  3880 | D:6      | Reached skill level 1 in Armour
  3880 | D:6      | You fall into a shaft and drop 2 floors!
  4064 | D:7      | Noticed an orc sorcerer
  4098 | D:7      | Noticed a sun demon
  4102 | D:7      | Noticed a hellwing
  4103 | D:7      | You fall into a shaft and drop 3 floors!
  4103 | D:10     | Entered Level 10 of the Dungeon
  4392 | D:10     | Noticed an unseen horror
  4421 | D:10     | Noticed a two-headed ogre
  4498 | D:8      | Noticed a water moccasin
  4656 | D:7      | Noticed a chaos spawn
  4809 | D:7      | Noticed a red devil
  4935 | D:7      | Noticed a hellwing
  4936 | D:7      | Killed an orc sorcerer
  4937 | D:7      | Reached skill level 6 in Spellcasting
  4937 | D:7      | Reached XP level 8. HP: 20/58 MP: 6/17
  5394 | D:6      | Reached skill level 7 in Spellcasting
  5394 | D:6      | Reached XP level 9. HP: 49/64 MP: 12/19
  5470 | D:6      | Found a staircase to the Ecumenical Temple.
  5493 | Temple   | Entered the Ecumenical Temple
  5493 | Temple   | Found a transporter.
  5493 | Temple   | Found a transporter.
  5495 | Temple   | Found a transporter.
  5495 | Temple   | Found a transporter.
  5526 | Temple   | Became a worshipper of Vehumet
  6031 | D:6      | Found a runed translucent door.
  6035 | D:6      | Noticed Crazy Yiuf
  6049 | D:6      | Killed Crazy Yiuf
  6168 | D:6      | Found an iron altar of Okawaru.
  6459 | D:6      | Reached skill level 8 in Spellcasting
  6459 | D:6      | Reached skill level 5 in Evocations
  6622 | D:5      | Found Jegytal's General Store.
  6772 | D:5      | Bought a scroll of identify for 26 gold pieces
  6972 | D:5      | Found a runed translucent gate.
  6973 | D:5      | Found a runed translucent gate.
  6973 | D:5      | Found a runed translucent gate.
  6977 | D:5      | Noticed themarg's ghost (novice OpIE)
  7192 | D:7      | Reached skill level 5 in Armour
  7213 | D:7      | Reached * piety under Vehumet
  7213 | D:7      | Offered knowledge of Foxfire by Vehumet.
  7218 | D:7      | Learned a level 1 spell: Foxfire
  7315 | D:7      | Reached skill level 1 in Conjurations
  7315 | D:7      | Reached skill level 1 in Fire Magic
  7634 | D:6      | Reached XP level 10. HP: 52/70 MP: 15/22
  8151 | D:8      | Noticed Prince Ribbit
  8553 | D:8      | Learned a level 4 spell: Passage of Golubria
  8648 | D:8      | Noticed Maurice
  8727 | D:7      | Reached skill level 5 in Fire Magic
  8875 | D:8      | Noticed Joseph
  9166 | D:8      | Killed Joseph
  9308 | D:8      | Killed Prince Ribbit
  9374 | D:8      | Noticed lotum's ghost (novice DEFE)
  9451 | D:8      | Noticed a centaur warrior
  9452 | D:8      | Noticed a komodo dragon
  9459 | D:8      | Found a runed translucent gate.
  9459 | D:8      | Found a runed translucent gate.
  9611 | D:5      | Bought a potion of curing for 39 gold pieces
  9941 | D:8      | Found a staircase to the Lair.
  9968 | D:8      | Found a runed translucent gate.
 10396 | D:8      | Killed a komodo dragon
 10427 | D:8      | Noticed Pikel
 10446 | D:8      | Killed Pikel
 10447 | D:8      | Reached skill level 5 in Translocations
 10731 | D:8      | Killed Maurice
 10732 | D:8      | Reached XP level 11. HP: 75/75 MP: 21/23
 11478 | D:9      | Found a glowing golden altar of the Shining One.
 11810 | D:9      | Reached skill level 9 in Spellcasting
 11825 | D:9      | Reached ** piety under Vehumet
 12211 | D:10     | Noticed a two-headed ogre
 12278 | D:10     | Offered knowledge of Momentum Strike by Vehumet.
 12429 | D:10     | Noticed Maggie
 12448 | D:10     | You fall into a shaft and drop 3 floors!
 12455 | D:13     | Noticed Nessos
 12519 | D:13     | Reached skill level 5 in Fighting
 12768 | D:11     | Noticed a manticore
 13246 | D:10     | Killed a two-headed ogre
 13365 | D:10     | You fall into a shaft and drop 3 floors!
 13666 | D:11     | Noticed a brown ugly thing
 13720 | D:11     | Found a large runed translucent door.
 13721 | D:11     | Found a large runed translucent door.
 13726 | D:11     | Noticed an orc knight
 13921 | D:11     | Found a large runed translucent door.
 13921 | D:11     | Found a large runed translucent door.
 13990 | D:11     | Noticed a manticore
 14174 | D:10     | You fall into a shaft and drop 3 floors!
 14421 | D:13     | Noticed a centaur warrior
 14886 | D:12     | Noticed a frost giant
 15227 | D:5      | You fall into a shaft and drop 2 floors!
 15379 | D:5      | You fall into a shaft and drop 3 floors!
 15718 | D:5      | You fall into a shaft and drop 3 floors!
 15781 | Lair:1   | Entered Level 1 of the Lair of Beasts
 16065 | Lair:1   | Noticed an elephant
 16104 | Lair:1   | Reached XP level 12. HP: 74/79 MP: 25/25
 16189 | D:8      | Reached skill level 1 in Long Blades
 16687 | D:10     | Killed a two-headed ogre
 16930 | D:10     | Offered knowledge of Kindle Blastsparks by Vehumet.
 16960 | D:10     | You fall into a shaft and drop 3 floors!
 17103 | D:14     | Found a frozen archway.
 17139 | IceCv    | Entered an ice cave
 17285 | IceCv    | Reached skill level 10 in Spellcasting
 18014 | D:13     | Noticed Rupert
 18176 | D:12     | Slain by a white ugly thing

Illustrated notes

Levels and vault maps discovered:
D:1:      lightli_iron_boxes, layout_rooms
D:2:      layout_loops_ring, shapermc_ecumenical_altar_venn
D:3:      minmay_razor_zed, layout_loops_corners,
          yredelemnul_forgotten_temple_becter
D:4:      layout_loops_ring
D:5:      layout_basic, biasface_ghost_orc_armoury, moated_statue,
          nicolae_inconvenience_store
D:6:      layout_loops_cross, old_standard_altar,
          minmay_temple_entry_large_hall, nicolae_benzene_ring,
          uniq_crazy_yiuf_cottage
D:7:      cheibrodos_wizards_tower, layout_rooms
D:8:      layout_cave_pods, david_lair_shrubbed, gammafunk_ghost_split,
          uniq_joseph, uniq_maurice, uniq_pikel, uniq_prince_ribbit1
D:9:      layout_roguey, tso_altar, chequers_serial_rivers_room_b,
          grunt_ministairs_1, nicolae_underground_beach
D:10:     layout_gridville, minmay_crystal_water, uniq_maggie
D:11:     minmay_glassy_protrusions, layout_basic,
          minmay_hollow_rounded_squares, uniq_erica
D:12:     kennysheep_funnel, layout_basic, hiddenorc2_lemuel,
          corexii_corridor_pit, nicolae_vehumet_radiance, uniq_urug
D:13:     layout_basic, uniq_nessos, uniq_jorgrun, uniq_rupert, uniq_sonja
D:14:     layout_long_grid, erik_vaults_1, portal_ice_cave_entry_pillars_three,
          okawaru_metal_pillars_1_2
Temple:   hellmonk_temple_divided_pantheon
Lair:1:   layout_chaotic_city, ebering_ghost_reflecting_pool

Skill      XL: |  1  2  3  4  5  6  7  8  9 10 11 12 |
---------------+-------------------------------------+-----
Spellcasting   | 1 2 3 4 5 6 7 8 9 10 | 10.0
Shields        | 1 2 3 4 |  4.0
Ranged Weapons | 1 2 4 |  4.0
Evocations     | 2 3 4 5 6 |  6.3
Armour         | 2 3 5 |  5.0
Conjurations   | 2 4 |  4.6
Fire Magic     | 3 5 |  5.0
Translocations | 5 7 8 |  8.3
Fighting       | 5 6 |  6.4
Stealth        | 7 |  7.6
Long Blades    | 2 |  2.1
Maces & Flails | |  2.0
Dodging        | |  1.7

Action                     |  1- 3 |  4- 6 |  7- 9 | 10-12 || total
---------------------------+-------+-------+-------+-------++-------
  Melee: Mace              |    12 |       |       |    11 ||    23
         Dagger            |     1 |    82 |   142 |   280 ||   505
         War axe           |       |     2 |     4 |    59 ||    65
         Punch             |       |     1 |     1 |       ||     2
         Scimitar          |       |       |       |    44 ||    44
         Spear             |       |       |       |    11 ||    11
   Fire: Sling             |    77 |   111 |   125 |   236 ||   549
  Throw: Throwing net      |       |     1 |       |     1 ||     2
         Dart              |       |       |       |     2 ||     2
   Cast: Foxfire           |       |       |       |    40 ||    40
         Passage of Golubr |       |       |       |     2 ||     2
Ability: Shaft Self        |       |     1 |     2 |     7 ||    10
         Dig               |       |     1 |     1 |     5 ||     7
         Evoke Invisibilit |       |       |     1 |     2 ||     3
  Evoke: Wand              |       |     1 |     4 |    29 ||    34
    Use: Scroll            |     1 |       |     8 |     5 ||    14
         Potion            |       |       |     2 |    13 ||    15
   Stab: Sleeping          |     2 |     2 |     1 |       ||     5
 Armour: Leather armour    |    10 |       |       |       ||    10
         Ring mail         |       |    45 |    38 |    86 ||   169
  Dodge: Dodged            |    18 |    92 |   129 |   324 ||   563
  Block: Buckler           |       |       |    36 |   308 ||   344
         Reflection        |       |       |       |    16 ||    16

Table legend: (Time is in decaauts)
 A = Elapsed time spent in this place.
 B = Non-inter-level travel time spent in this place.
 C = Inter-level travel time spent in this place.
 D = Time resting spent in this place.
 E = Time spent auto-exploring this place.
 F = Levels seen in this place.
 G = Mean time per level.
                   A        B        C        D        E       F      G
               +--------+--------+--------+--------+--------+-----+--------+
         Total |  18429 |  16828 |   1601 |   5111 |   4901 |  17 | 1084.1 |
       Dungeon |  17525 |  15924 |   1601 |   4616 |   4899 |  14 | 1251.8 |
        Temple |     51 |     51 |      0 |      0 |      2 |   1 |   51.0 |
          Lair |    175 |    175 |      0 |     18 |      0 |   1 |  175.0 |
      Ice Cave |    676 |    676 |      0 |    477 |      0 |   1 |  676.0 |
               +--------+--------+--------+--------+--------+-----+--------+

Top non-repeatable levels by time:
     D:8: 3294 daAuts
     D:6: 1966 daAuts
     D:9: 1845 daAuts
     D:7: 1707 daAuts
    D:10: 1399 daAuts
     D:3: 1384 daAuts
    D:13: 1208 daAuts
     D:5: 1171 daAuts
    D:11: 1052 daAuts
     D:4: 871 daAuts
     D:2: 705 daAuts
   IceCv: 676 daAuts
     D:1: 557 daAuts
    D:12: 318 daAuts
  Lair:1: 175 daAuts
